cohdb
Replays
Latest Replays
All Replays
Popular Replays
Top Player Replays
Match Explorer
How It Works
Community
CoH3 Stats
Reddit
Sign in to upload your games and track your stats! →
Sign in with Steam
Match 41051577
Unlisted
Match 41051577
Overview
Messages
Build Orders
End
Engineer Squad
Construct Barracks
Riflemen Squad
Riflemen Squad
M1 Mortar Team
Mechanized Support Center
Construct Medical Station
Grenade Package
1⁄4-ton 4x4 Truck
Selects Armored Battlegroup
Selects Veteran Crews
Construct Motor Pool
Selects Strength in Steel
M16 Multiple Gun Motor Carriage
1⁄4-ton 4x4 Truck
M3 75 mm Gun Motor Carriage
M3 75 mm Gun Motor Carriage
M3 75 mm Gun Motor Carriage
1⁄4-ton 4x4 Truck
.30 cal Machine Gun
Selects M31 Recovery Vehicle
Selects M8 Scott SPG
Selects UNKNOWN (2160077)
M31 Recovery Vehicle
Selects War Machine
Construct Tank Depot
Riflemen Squad
Riflemen Squad
Riflemen Squad
M4A3E8 Sherman Easy Eight
M1918 Browning Automatic Rifles
^^
gokyungho123
najonglyul
Cote
MotorPsycho
Foxtrot
vincent
ed920704
0
0
Comments
sign in to comment!
No comments posted yet!